 Dungeon Crawl Stone Soup version 0.27-a0-1301-g128193abf8 (webtiles) character file.

Game seed: 18041701277274688922

8 flotson the Sneak (level 2, -1/23 (24) HPs)
             Began as a Demonspawn Delver on June 17, 2021.
             Slain by an orc (5 damage)
             ... on level 4 of the Dungeon.
             The game lasted 00:02:03 (309 turns).

flotson the Sneak (Demonspawn Delver)                Turns: 309, Time: 00:02:04

HP:   -1/23 (24)    AC:  3    Str: 12    XL:     2   Next: 0%
MP:   2/2           EV: 14    Int: 17    God:
Gold: 0             SH:  0    Dex: 14    Spells: 1/1 levels left

rFire    . . .     SeeInvis .   a - +0 hand axe
rCold    . . .     Faith    .   (no shield)
rNeg     . . .     Spirit   .   b - +0 leather armour
rPois    .         Reflect  .   (no helmet)
rElec    .         Harm     .   (no cloak)
rCorr    .         Rampage  .   (no gloves)
Will     .....                  (no boots)
Stlth    ++........             (no amulet)
HPRegen  0.07/turn              d - +6 ring of intelligence
MPRegen  0.08/turn              (no ring)

@: lightly drained
A: repulsion field 1
a: no special abilities


You were on level 4 of the Dungeon.
You visited 1 branch of the dungeon, and saw 2 of its levels.

Inventory:

Hand Weapons
 a - a +0 hand axe (weapon)
Armour
 b - a +0 leather armour (worn)
Jewellery
 d - a +6 ring of intelligence (left hand)
Wands
 g - a wand of digging (3)
Scrolls
 c - a scroll of fog
Potions
 h - a potion of cancellation {unknown}


   Skills:
 + Level 3.1 Fighting
 + Level 2.0 Axes
 + Level 0.4 Armour
 + Level 2.0 Dodging
 - Level 4.5 Stealth


You had one spell level left.
You didn't know any spells.
Your spell library was empty.

Dungeon Overview and Level Annotations

Branches:
Dungeon (5/15)             Temple (0/1) D:4

Altars:

Portals:
Ossuary: D:4


Innate Abilities, Weirdness & Mutations

You are surrounded by a mild repulsion field. (EV +2)


Message History

You hit the orc.
You kill the orc!
You barely miss the necrophage. The necrophage closely misses you.
Your Axes skill increases to level 2!
Your Dodging skill increases to level 2!
You have reached level 2!
Your demonic ancestry asserts itself...
You begin to radiate repulsive energy.
Unknown command.
As you read the scroll of magic mapping, it crumbles to dust.
You feel aware of your surroundings.
You sensed 1 shop/portal.
The necrophage closely misses you.
Items here: )) [ ††.
A necrophage comes into view.
Found a scroll of fog.
Found a bone ring.
You hear the slow hiss of an avalanche of sand.
Your extra speed is starting to run out.
d - a +6 ring of intelligence You feel clever.
d - a +6 ring of intelligence (left hand)
You feel yourself slow down.
Aiming: Dig
Press: ? - help, Shift-Dir - straight line Digging in that direction won't affect any walls.
A stone wall.
Okay, then.
Unknown command.
You open the door.
A mummy comes into view.
Found a sand-covered staircase.
The orc misses you. The hound misses you.
The hound bites you but does no damage. The hound bites you.
* * * LOW HITPOINT WARNING * * *
Okay, then.
You barely miss the orc. You hit the hound but do no damage.
The orc hits you with a +0 hand axe.
You die...

#.####..## ##..(##
#.##.....## ##.....##
#.#..#....## #.......#
#...###....## #.......#
##.n##∩##n...## #.)(....#
##..##...##....####.....##
##..##.....##......#..$..##
#..#####'#####.............
#.....M..o@hon.............
#.##########..............#
#.,,,,,,..........>.....>..
##*,,,,.................#n.
*,,,...........)........o
****#######......######..
*#......#****#..
**.......?,,,*###
**,,,,,,**,,,,,,*


You could see a necrophage, a mummy, a hound and 2 orcs.

Vanquished Creatures
  An adder skeleton (D:5)
  2 orcs (D:4)
  A ball python (D:4)
4 creatures vanquished.

Notes
Turn   | Place    | Note
-------+----------+-------------------------------------------
     0 | D:5      | flotson the Demonspawn Delver began the quest for the Orb.
     0 | D:5      | Reached XP level 1. HP: 18/18 MP: 1/1
   109 | D:5      | Noticed a howler monkey
   129 | D:5      | Noticed a water moccasin zombie
   157 | D:5      | Noticed a howler monkey
   198 | D:4      | Noticed a necrophage
   209 | D:4      | Noticed a hound
   237 | D:4      | Gained mutation: You are surrounded by a mild repulsion
                  | field. (EV +2) [demonic ancestry]
   237 | D:4      | Reached XP level 2. HP: 2/23 MP: 2/2
   244 | D:4      | Noticed a necrophage
   285 | D:4      | Found a sand-covered staircase.
   309 | D:4      | Slain by an orc

Illustrated notes

Levels and vault maps discovered:
D:4:      layout_rooms, minmay_temple_entry_drinking_statues,
          gup_ossuary_entry_pyramid, minmay_checkerbox
D:5:      layout_basic

Skill      XL: |  1 |
---------------+----+-----
Axes           | 2 |  2.0
Dodging        | 2 |  2.0
Fighting       | |  3.1
Armour         | |  0.4
Stealth        | |  4.5

Action                   || total
-------------------------++-------
Melee: Hand axe          ||    24
  Use: Scroll            ||     2
       Potion            ||     1
 Stab: Sleeping          ||     1
Armor: Leather armour    ||    10
Dodge: Dodged            ||    13

Table legend: (Time is in decaauts)
 A = Elapsed time spent in this place.
 B = Non-inter-level travel time spent in this place.
 C = Inter-level travel time spent in this place.
 D = Time resting spent in this place.
 E = Time spent auto-exploring this place.
 F = Levels seen in this place.
 G = Mean time per level.
                   A        B        C        D        E       F      G
               +--------+--------+--------+--------+--------+-----+--------+
         Total |    295 |    295 |      0 |      0 |    120 |   2 |  147.5 |
       Dungeon |    295 |    295 |      0 |      0 |    120 |   2 |  147.5 |
               +--------+--------+--------+--------+--------+-----+--------+

Top non-repeatable levels by time:
     D:5: 200 daAuts
     D:4: 95 daAuts
